 Dungeon Crawl Stone Soup version 0.29.1-15-g9cfb28693d (webtiles) character file.

Game seed: 2775851594257621596

536 H0rd4k the Trooper (level 7, -1/49 HPs)
             Began as an Octopode Artificer on Mar 20, 2023.
             Slain by a gnoll
             ... wielding a +0 club
              (7 damage)
             ... on level 5 of the Dungeon.
             The game lasted 00:04:25 (6907 turns).

H0rd4k the Trooper (Octopode Artificer)             Turns: 6907, Time: 00:04:26

Health: -1/49      AC:  1    Str: 12    XL:     7   Next: 25%
Magic:  12/12      EV: 13    Int: 15    God:
Gold:   190        SH:  0    Dex: 12    Spells: 13/13 levels left

rFire   . . .      SeeInvis .     - Unarmed
rCold   . . .      Faith    .   (no shield)
rNeg    . . .      Spirit   .   (helmet restricted)
rPois   .          Reflect  .   (no amulet)
rElec   .          Harm     .   (no ring)
rCorr   .          Rampage  .   (no ring)
Will    .....                   (no ring)
Stlth   +++.......              (no ring)
HPRegen 0.16/turn               (no ring)
MPRegen 0.13/turn               (no ring)
                                (no ring)
                                (no ring)

@: no status effects
A: almost no armour, amphibious, 8 rings, camouflage 1, gelatinous body 1,
(nimble swimmer 1), tentacles
a: no special abilities


You were on level 5 of the Dungeon.
You visited 1 branch of the dungeon, and saw 5 of its levels.

You collected 190 gold pieces.

Inventory:

Missiles
 j - 16 poisoned darts
 r - a throwing net
 u - 3 silver boomerangs
Magical Staves
 D - a staff of fire
Wands
 b - a wand of flame (4) (quivered)
 c - a wand of charming (7)
 d - a wand of iceblast (5)
Scrolls
 f - 6 scrolls of teleportation {unknown}
 g - 3 scrolls of magic mapping {unknown}
 i - 2 scrolls of poison {unknown}
 k - 4 scrolls of identify {unknown}
 l - a scroll of silence {unknown}
 m - a scroll of butterflies {unknown}
 n - a scroll of summoning {unknown}
 p - 3 scrolls of immolation {unknown}
 s - 2 scrolls of acquirement {unknown}
 t - a scroll of amnesia {unknown}
 v - a scroll of blinking {unknown}
 y - a scroll of enchant armour {unknown}
 B - 2 scrolls of fear {unknown}
Potions
 a - a potion of ambrosia {unknown}
 e - a potion of haste {unknown}
 h - 2 potions of might {unknown}
 o - 2 potions of curing {unknown}
 q - 3 potions of flight {unknown}
 w - 3 potions of lignification {unknown}
 x - 2 potions of mutation {unknown}
 z - a potion of invisibility {unknown}
 A - 3 potions of brilliance {unknown}
 C - a potion of attraction {unknown}


   Skills:
 + Level 4.3 Fighting
 - Level 2.3 Dodging
 - Level 1.3 Stealth
 - Level 4.0 Unarmed Combat
 * Level 3.6 Spellcasting
 - Level 3.2 Evocations


You had 13 spell levels left.
You didn't know any spells.
Your spell library contained the following spells:

 Spells                   Type           Power      Damage    Failure   Level
 Beastly Appendage        Tmut           4%         N/A       19%         1
 Wereblood                Tmut           2%         N/A       28%         2
 Dazzling Flash           Conj/Hex       4%         N/A       50%         3
 Inner Flame              Hex/Fire       2%         N/A       50%         3
 Spider Form              Tmut/Pois      2%         N/A       50%         3
 Cause Fear               Hex            1%         N/A       88%         4
 Iskenderun's Mystic Bla  Conj/Tloc      2%         2d3       88%         4
 Starburst                Conj/Fire      1%         6d3       100%        6
 Discord                  Hex            1%         N/A       100%        8


Dungeon Overview and Level Annotations

Branches:
Dungeon (5/15)
 Temple: D:4-7

Altars:
Elyvilon
Uskayaw
Vehumet

Shops:
D:3 ?

Annotations:
D:2 exclusion: downstairs
D:3 2 runed translucent doors, exclusion: 2 doors, GeoRichter's ghost, amateur DsFE
D:4 exclusion: downstairs
D:5 2 runed translucent doors, vvl's ghost, novice DrEE


Innate Abilities, Weirdness & Mutations

You cannot wear most types of armour.
You are amphibious.
You can wear up to eight rings at the same time.
Your skin changes colour to match your surroundings (Stealth+).
Your rubbery body absorbs attacks. (AC +1, EV +1)
((You are camouflaged when in or above water. (Stealth+)))
You have tentacles for arms and can constrict up to eight enemies at once.


Message History

There is an open door here.
There is an open door here.
The gnoll shouts!
The gnoll shoots a sling bullet.
The sling bullet closely misses you.
The gnoll shoots a sling bullet.
The sling bullet hits you!
The gnoll shouts!
You tentacle-slap the gnoll but do no damage.
You grab the gnoll. You constrict the gnoll.
The gnoll hits you with a +0 flail.
You tentacle-slap the gnoll.
The gnoll is moderately wounded.
You constrict the gnoll. The gnoll misses you.
You tentacle-slap the gnoll but do no damage.
The gnoll is heavily wounded.
You constrict the gnoll, but do no damage.
The gnoll closely misses you.
You tentacle-slap the gnoll.
The gnoll is severely wounded.
You constrict the gnoll. The gnoll misses you.
You bludgeon the gnoll!
You kill the gnoll!
The gnoll shoots a sling bullet.
The sling bullet hits you.
The gnoll unwields a +0 sling.
The gnoll wields a +0 club.
The gnoll hits you with a +0 club.
You see here a +0 flail.
You tentacle-slap the gnoll but do no damage.
Your grab misses the gnoll. Your squeeze misses the gnoll.
You barely miss the gnoll. You grab the gnoll. You constrict the gnoll.
The gnoll hits you with a +0 club!
* * * LOW HITPOINT WARNING * * *
You tentacle-slap the gnoll.
The gnoll is heavily wounded.
You constrict the gnoll, but do no damage.
The gnoll hits you with a +0 club!
* * * LOW HITPOINT WARNING * * *
You tentacle-slap the gnoll but do no damage.
You squeeze the gnoll, but do no damage.
The gnoll is heavily wounded.
You constrict the gnoll. The gnoll hits you with a +0 club!
You die...

..#..#.# #......# ##.....##
## g......# #..#####
##...## ..#..#g###..# ##'##
. ##.#gg..g.# #.#
..#####.#### #.#
...##.>.....# ##.##
...###.......#
##...######### ####
#.......######.............
#.......gg@.......#.######.
#.......######.#.##.# ####.
#.......# #.####.###....
#<......# #......>......
######### ##############


You could see 2 gnolls.

Vanquished Creatures
  2 phantoms (D:5)
  A kobold brigand (D:4)
  A necrophage (D:5)
  An orc wizard (D:4)
  5 gnolls
  5 adders
  2 worms
  2 dart slugs
  4 orcs (D:4)
  6 endoplasms
  4 giant cockroaches
  8 goblins
  10 hobgoblins
  14 jackals
  8 kobolds
  3 quokkas
  2 ball pythons
  2 bats
  A frilled lizard (D:2)
  7 rats
88 creatures vanquished.

Vanquished Creatures (collateral kills)
  An orc priest (D:5)
  2 orcs (D:5)
  A giant cockroach (D:4)
4 creatures vanquished.

Vanquished Creatures (others)
  A jelly (D:5)
  A gnoll (D:5)
  An adder (D:2)
3 creatures vanquished.

Grand Total: 95 creatures vanquished

Notes
Turn   | Place    | Note
-------+----------+-------------------------------------------
     0 | D:1      | H0rd4k the Octopode Artificer began the quest for the Orb.
     0 | D:1      | Reached XP level 1. HP: 13/13 MP: 1/1
   505 | D:1      | Reached XP level 2. HP: 12/18 MP: 3/3
   510 | D:1      | Reached skill level 1 in Spellcasting
  1390 | D:1      | Reached XP level 3. HP: 24/24 MP: 5/5
  2064 | D:2      | Reached skill level 1 in Unarmed Combat
  2572 | D:2      | Found a hide-covered altar of Uskayaw.
  2589 | D:2      | Reached XP level 4. HP: 26/30 MP: 6/6
  3381 | D:3      | Found a faded altar of an unknown god.
  3386 | D:3      | Found Wefed's Magic Scroll Emporium.
  3699 | D:3      | Found a large runed translucent door.
  3699 | D:3      | Found a large runed translucent door.
  3706 | D:3      | Noticed GeoRichter's ghost (amateur DsFE)
  3782 | D:3      | Reached XP level 5. HP: 24/35 MP: 6/8
  3983 | D:3      | You fall into a shaft and drop 2 floors!
  3983 | D:5      | Entered Level 5 of the Dungeon
  4174 | D:5      | Reached XP level 6. HP: 36/42 MP: 9/9
  4538 | D:3      | Found a white marble altar of Elyvilon.
  4543 | D:3      | Identified the +10 hand axe of Yredelemnul's Whim {vorpal,
                  | rC- rCorr Int+2 Dex+6}
  6126 | D:5      | Reached XP level 7. HP: 39/47 MP: 11/11
  6491 | D:5      | Found a large runed translucent door.
  6492 | D:5      | Found a large runed translucent door.
  6494 | D:5      | Noticed vvl's ghost (novice DrEE)
  6533 | D:5      | Found a radiant altar of Vehumet.
  6907 | D:5      | Slain by a gnoll

Illustrated notes

Levels and vault maps discovered:
D:1:      minmay_arrival_glassed_features, layout_basic
D:2:      layout_basic, basic_altar
D:3:      layout_loops_corners, nicolae_elyvilon_peaceful_grove,
          chequers_ecumenical_altar_twisty, ebering_ghost_disaster_area,
          serial_shops, shop
D:4:      layout_cave_pools, serial_park, serial_park_tiny_pond,
          serial_park_tiny_pond, serial_park_square2,
          hangedman_abyss_or_decor_stagger
D:5:      layout_loops_corners, vehumet_crystals, ebering_ghost_disaster_area

Skill      XL: |  1  2  3  4  5  6  7 |
---------------+----------------------+-----
Spellcasting   | 1 2 3 |  3.6
Fighting       | 2 3 4 |  4.3
Unarmed Combat | 1 2 3 4 |  4.0
Dodging        | |  2.3
Stealth        | |  1.3
Evocations     | |  3.2

Action                   |  1- 3 |  4- 6 |  7- 9 || total
-------------------------+-------+-------+-------++-------
Melee: Unarmed           |   101 |   128 |    41 ||   270
       Constrict         |    28 |    36 |     4 ||    68
       Tentacles         |    28 |    34 |     7 ||    69
       Punch             |     2 |     4 |     1 ||     7
Evoke: Wand              |     1 |    15 |     3 ||    19
 Stab: Sleeping          |     9 |     3 |       ||    12
Armor: Skin              |    11 |    11 |     2 ||    24
Dodge: Dodged            |    71 |    82 |    30 ||   183
